 Dungeon Crawl Stone Soup version 0.27.0-65-ge2af304b15 (webtiles) character file.

Game seed: 10513729327605285532

46 Zekkers the Sneak (level 3, -2/16 HPs)
             Began as a Spriggan Venom Mage on Aug 18, 2021.
             Slain by a goblin (4 damage)
             ... led by Robin
             ... on level 2 of the Dungeon.
             The game lasted 00:11:13 (1761 turns).

Zekkers the Sneak (Spriggan Venom Mage)             Turns: 1761, Time: 00:11:43

Health: -2/16      AC:  2    Str:  4    XL:     3   Next: 44%
Magic:  3/8        EV: 17    Int: 17    God:
Gold:   0          SH:  0    Dex: 15    Spells: 5/8 levels left

rFire    . . .     SeeInvis +   l - +3 short sword (venom)
rCold    . . .     Faith    .   (shield restricted)
rNeg     . . .     Spirit   .   a - +0 robe
rPois    .         Reflect  .   (helmet restricted)
rElec    .         Harm     .   (no cloak)
rCorr    .         Rampage  .   (gloves unavailable)
Will     .....                  (boots unavailable)
Stlth    +++.......             (no amulet)
HPRegen  0.05/turn              (no ring)
MPRegen  0.11/turn              (no ring)

@: very quick
A: very small, no large weapons, unfitting armour, see invisible, speed 3
a: no special abilities


You were on level 2 of the Dungeon.
You visited 1 branch of the dungeon, and saw 4 of its levels.

Inventory:

Hand Weapons
 j - a +0 dagger
 l - a +3 short sword of venom (weapon)
Armour
 a - a +0 robe (worn)
Scrolls
 b - a scroll of fog {unknown}
 c - a scroll of magic mapping {unknown}
 d - a scroll of vulnerability {unknown}
 f - a scroll of amnesia
 k - a scroll of enchant weapon
 m - a scroll of teleportation {unknown}
Potions
 h - a potion of curing {unknown}
 i - a potion of magic {unknown}


   Skills:
 - Level 2.6 Dodging
 + Level 4.1 Stealth
 - Level 3.0 Spellcasting
 - Level 2.3 Transmutations
 + Level 0.6 Air Magic
 + Level 3.5 Poison Magic


You had 5 spell levels left.
You knew the following spells:

 Your Spells              Type           Power      Damage    Failure   Level
a - Poisonous Vapours     Pois/Air       18%        N/A       11%         2
f - Sting                 Tmut/Pois      48%        1d5       5%          1

Your spell library contained the following spells:

 Spells                   Type           Power      Damage    Failure   Level
 Mephitic Cloud           Conj/Pois/Air  7%         N/A       30%         3
 Olgreb's Toxic Radiance  Pois           14%        N/A       38%         4
 Ozocubu's Refrigeration  Ice            1%         4d5       100%        7
 Ignition                 Fire           1%         3d3       100%        8


Dungeon Overview and Level Annotations

Branches:
Dungeon (4/15)
 Temple: D:4-7

Altars:

Annotations:
D:2 Robin


Innate Abilities, Weirdness & Mutations

You are very small and have problems with some larger weapons.
You are too small for most types of armour.
You have supernaturally acute eyesight. (SInv)
You cover ground extremely quickly. (Speed+++)


Message History

Aiming: Poisonous Vapours (safe; 11% risk of failure)
Press: ? - help, Dir - move target, f/p - adder
Aim: an adder (moderately wounded, very poisoned) Poisonous vapours surround the adder!
The adder looks even sicker.
The kobold throws a stone.
The stone completely misses you.
The stone hits the adder.
You climb upwards.
Level annotation: Robin 4 goblins and a hobgoblin come into view.
The goblin shouts! x2; Robin shouts!
The goblin shouts! x2
The goblin barely misses you. The goblin closely misses you.
Robin throws the goblin at you!
The goblin shouts!
The goblin misses you. The goblin hits you with a +0 dagger.
The hobgoblin shouts!
There is a stone staircase leading down here.
This is a scroll of acquirement!
Something appears at your feet! The goblin closely misses you.
Robin throws the goblin at you! The hobgoblin closely misses you.
The goblin misses you. The goblin barely misses you.
As you read the scroll labelled AKUHOX TIEXTI, it crumbles to dust.
It is a scroll of identify.
k - a scroll of enchant weapon The goblin completely misses you.
The goblin barely misses you. The goblin hits you with a +0 club.
The hobgoblin barely misses you. The goblin hits you with a +0 dagger.
* * * LOW HITPOINT WARNING * * *
The goblin closely misses you.
As you read the scroll labelled UTALACICVU, it crumbles to dust.
It is a scroll of amnesia.
Really abort (and waste the scroll)? [Y]es or [N]o only, please.
Really abort (and waste the scroll)?
Okay, then.
The hobgoblin shouts!
The goblin hits you but does no damage. The goblin closely misses you.
The goblin hits you but does no damage. The goblin hits you with a +0 club.
* * * LOW HITPOINT WARNING * * *
The goblin hits you with a +0 club.
You die...

.. #.. .# #.# #. #.
.. ######## . #
#......# .. .#
#...g..#
...####.#.###..ggg.#
......g.#......g@g.#
.....<..w......ggg.#
.....########...g..#
.$).# #......# ?..!
#......# ...
#......# ...
#......# .. ########
..


You could see Robin, 2 hobgoblins and 7 goblins.

Vanquished Creatures
  2 dart slugs
  2 bats (D:1)
  2 endoplasms
  2 giant cockroaches
  3 goblins (D:1)
  4 hobgoblins
  5 jackals (D:1)
  A quokka (D:1)
  7 ball pythons
  3 frilled lizards
  4 kobolds
  A rat (D:1)
36 creatures vanquished.

Vanquished Creatures (others)
  15 plants (D:1)
15 creatures vanquished.

Grand Total: 51 creatures vanquished

Notes
Turn   | Place    | Note
-------+----------+-------------------------------------------
     0 | D:1      | Zekkers the Spriggan Venom Mage began the quest for the
                  | Orb.
     0 | D:1      | Reached XP level 1. HP: 9/9 MP: 5/5
   226 | D:1      | Reached XP level 2. HP: 13/13 MP: 2/6
   229 | D:1      | Learned a level 2 spell: Poisonous Vapours
  1150 | D:1      | Reached XP level 3. HP: 16/16 MP: 6/8
  1467 | D:2      | Noticed Robin
  1471 | D:2      | Reached skill level 4 in Stealth
  1702 | D:2      | You fall into a shaft and drop 2 floors!
  1759 | D:2      | Identified a scroll of acquirement
  1759 | D:2      | Acquired the ring of Sunlight {Str-2 Int+4 Dex+6 SInv}
  1761 | D:2      | Slain by a goblin

Illustrated notes

Levels and vault maps discovered:
D:1:      eino_arrival_water_cross, layout_loops_ring,
          corexii_item_surrounded_by_moat
D:2:      layout_rooms, uniq_robin
D:3:      gammafunk_steamed_eel, layout_rooms, serial_shops, shop_fountains
D:4:      layout_loops_ring, grunt_gozag_breadcrumbs, solitary_fountain,
          kennysheep_decorative_pillar

Skill      XL: |  1  2  3 |
---------------+----------+-----
Spellcasting   | 3 |  3.0
Transmutations | 2 |  2.3
Stealth        | 4 |  4.1
Dodging        | |  2.6
Air Magic      | |  0.6
Poison Magic   | |  3.5

Action                   || total
-------------------------++-------
Melee: Dagger            ||     9
       Short sword       ||     1
 Cast: Sting             ||    31
       Poisonous Vapours ||    24
  Use: Scroll            ||     3
 Stab: Sleeping          ||     4
Armor: Robe              ||     5
Dodge: Dodged            ||    38
